 Dungeon Crawl Stone Soup version 0.31-a0-1576-ga3383bade6 (webtiles) character file.

Game seed: 7021356240766662626

107 lunkers the Magician (level 5, -6/35 HPs)
             Began as a Djinni Ice Elementalist on Jan 4, 2024.
             Mangled by a sleepcap (7 damage)
             ... on level 3 of the Dungeon.
             The game lasted 00:02:02 (1774 turns).

lunkers the Magician (Djinni Ice Elementalist)      Turns: 1774, Time: 00:02:02

Health: -6/35      AC:  3    Str:  7    XL:     5   Next: 10%
Gold:   86         EV: 12    Int: 19    God:
                   SH:  0    Dex: 13

rFire   + + .        (no weapon)
rCold   x . .        (no shield)
rNeg    . . .        a - +0 robe
rPois   ∞            (no helmet)
rElec   .            d - +0 cloak
rCorr   .            (no gloves)
SInv    .            (boots unavailable)
Will    .....        (no amulet)
Stlth   ++           (no ring)
HPRegen 0.25/turn    (no ring)
MPRegen 0.00/turn

%: infuse magic (-7 HP)
@: flying
A: sickness immunity, fire resistance 2, cold vulnerability 1, float, innate
caster, HP casting, extra vitality 1
a: no special abilities


You were on level 3 of the Dungeon.
You visited 1 branch of the dungeon, and saw 3 of its levels.

You collected 86 gold pieces.

Inventory:

Armour
 a - a +0 robe (worn)
 d - a +0 cloak (worn)
 h - a +0 cloak
Scrolls
 b - a scroll of immolation {unknown}
 e - 2 scrolls of teleportation {unknown}
 g - a scroll of vulnerability {unknown}
 i - a scroll of fear {unknown}
 k - 2 scrolls of identify {unknown}
 l - a scroll of blinking {unknown}
Potions
 c - 2 potions of mutation {unknown}
 f - a potion of attraction {unknown}
 j - a potion of lignification {unknown}


   Skills:
 - Level 2.1 Dodging
 - Level 1.5 Stealth
 + Level 5.0 Spellcasting
 + Level 5.0 Conjurations
 + Level 5.0 Hexes
   Level 0.0 Charms
 + Level 5.0 Summonings
 + Level 5.0 Necromancy
 + Level 5.0 Translocations
   Level 0.0 Transmutations
 + Level 5.0 Fire Magic
 + Level 5.0 Ice Magic
 + Level 5.0 Air Magic
 + Level 5.0 Earth Magic
 + Level 5.0 Alchemy


You knew the following spells:

 Your Spells              Type           Power      Damage    Failure   Level
a - Freeze                Ice            92%        1d9       1%          1
b - Frozen Ramparts       Ice            46%        1d7       4%          3
c - Ozocubu's Armour      Ice            23%        N/A       4%          3
d - Summon Ice Beast      Ice/Summ       23%        N/A       4%          3
e - Summon Small Mammal   Summ           92%        N/A       1%          1
f - Static Discharge      Conj/Air       46%        3-5/arc   2%          2
Your spell library was empty.

Dungeon Overview and Level Annotations

Branches:
Dungeon (3/15)

Altars:


Innate Abilities, Weirdness & Mutations

You are immune to sickness and miasma.
You are immune to poison.
Your flesh is very heat resistant. (rF++)
You are vulnerable to cold. (rC-)
You float through the air rather than walking.
You learn spells naturally, not from books.
Your magical power is your life essence.
You have superior vitality. (+4 MHP)


Message History

Your Spellcasting skill increases to level 5!
Your Conjurations skill increases to level 5!
Your Hexes skill increases to level 5!
Your Summonings skill increases to level 5!
Your Necromancy skill increases to level 5!
Your Translocations skill increases to level 5!
Your Fire Magic skill increases to level 5!
Your Ice Magic skill increases to level 5!
Your Air Magic skill increases to level 5!
Your Earth Magic skill increases to level 5!
Your Alchemy skill increases to level 5!
You have reached level 5!
The power to cast Static Discharge wells up from within.
Spell assigned to 'f'.
Aiming: Freeze (safe; 1% risk of failure)
Press: ? - help, Q - select action, (/) - cycle Shift-Dir - straight line, f - sleepcap
Aim: a sleepcap (moderately damaged)
You freeze the sleepcap.
The sleepcap is heavily damaged.
* * * LOW HITPOINT WARNING * * *
The sleepcap releases spores at you.
* * * LOW HITPOINT WARNING * * *
Aiming: Freeze (safe; 1% risk of failure)
Press: ? - help, Q - select action, (/) - cycle Shift-Dir - straight line, f/p - sleepcap
Aim: a sleepcap (heavily damaged)
You freeze the sleepcap.
The sleepcap is severely damaged.
* * * LOW HITPOINT WARNING * * *
The sleepcap releases spores at you.
* * * LOW HITPOINT WARNING * * *
You don't have enough health to cast this spell.
Unknown command.
Unknown command.
Unknown command.
You don't have enough health to cast this spell.
Unknown command.
Unknown command.
Your magical contamination has completely faded away.
The sleepcap attacks as it pursues you! The sleepcap releases spores at you!
You die...

############## #####
#####>...........# #....
#...#.##.........###.###
#.#.#..............#.###
#.....#..........#..)...
#.#####...†......###.###
#................# #....
#######.###'###### #####
♣♣ ####@# #.# ♣[ #..f.#
#.# ♣♣.♣♣ #r#### #..
♣...♣###.# ##.
♣♣...♣♣..f# #
♣...f.♣...# ♣.....♣...#
♣♣...♣♣...# #........#


You could see a sleepcap and a rat.

Vanquished Creatures
  A sleepcap (D:3)
  3 adders
  A ribbon worm (D:2)
  7 bats
  4 endoplasms
  7 giant cockroaches
  6 goblins
  A hobgoblin (D:2)
  5 kobolds
  A quokka (D:2)
  A ball python (D:1)
  A frilled lizard (D:1)
  4 rats
42 creatures vanquished.

Notes
Turn   | Place    | Note
-------+----------+-------------------------------------------
     0 | D:1      | lunkers the Djinni Ice Elementalist began the quest for the
                  | Orb.
     0 | D:1      | lunkers set off with the following spells memorised:
                  | Freeze, Frozen Ramparts, Ozocubu's Armour, Summon Ice
                  | Beast.
     0 | D:1      | Reached XP level 1. HP: 15/15 MP: 0/0
    89 | D:1      | Reached XP level 2. HP: 20/21 MP: 0/0
   387 | D:1      | Reached XP level 3. HP: 24/25 MP: 0/0
   387 | D:1      | Learned a level 1 spell: Summon Small Mammal
   401 | D:1      | Found a faded altar of an unknown god.
   905 | D:2      | Reached XP level 4. HP: 20/31 MP: 0/0
  1690 | D:3      | Identified the +1 sling of Coduof {heavy, rN++ Dex+3 SInv}
  1770 | D:3      | Reached skill level 5 in Spellcasting
  1770 | D:3      | Reached skill level 5 in Conjurations
  1770 | D:3      | Reached skill level 5 in Hexes
  1770 | D:3      | Reached skill level 5 in Summonings
  1770 | D:3      | Reached skill level 5 in Necromancy
  1770 | D:3      | Reached skill level 5 in Translocations
  1770 | D:3      | Reached skill level 5 in Fire Magic
  1770 | D:3      | Reached skill level 5 in Ice Magic
  1770 | D:3      | Reached skill level 5 in Air Magic
  1770 | D:3      | Reached skill level 5 in Earth Magic
  1770 | D:3      | Reached skill level 5 in Alchemy
  1770 | D:3      | Reached XP level 5. HP: 12/35 MP: 0/0
  1770 | D:3      | Learned a level 2 spell: Static Discharge
  1771 | D:3      | HP: 1/35 [sleepcap (5)]
  1774 | D:3      | Mangled by a sleepcap

Illustrated notes

Levels and vault maps discovered:
D:1:      grunt_arrival_crossed_arrows, layout_loops_ring,
          dreamdust_ecumenical_altar_grove, hex_large, minmay_misc_feat_encased
D:2:      layout_loops_ring
D:3:      layout_basic, hellmonk_no_cap

Skill      XL: |  1  2  3  4 |
---------------+-------------+-----
Spellcasting   | 4 5 |  5.0
Conjurations   | 4 5 |  5.0
Hexes          | 4 5 |  5.0
Summonings     | 4 5 |  5.0
Necromancy     | 4 5 |  5.0
Translocations | 4 5 |  5.0
Fire Magic     | 4 5 |  5.0
Ice Magic      | 4 5 |  5.0
Air Magic      | 4 5 |  5.0
Earth Magic    | 4 5 |  5.0
Alchemy        | 4 5 |  5.0
Dodging        | |  2.1
Stealth        | |  1.5

Action                     |  1- 3 |  4- 6 || total
---------------------------+-------+-------++-------
   Cast: Freeze            |    48 |    25 ||    73
 Armour: Robe              |    15 |    13 ||    28
  Dodge: Dodged            |    13 |    11 ||    24

Table legend: (Time is in decaauts)
 A = Elapsed time spent in this place.
 B = Non-inter-level travel time spent in this place.
 C = Inter-level travel time spent in this place.
 D = Time resting spent in this place.
 E = Time spent auto-exploring this place.
 F = Levels seen in this place.
 G = Mean time per level.
                   A        B        C        D        E       F      G
               +--------+--------+--------+--------+--------+-----+--------+
         Total |   1773 |   1699 |     74 |      0 |   1428 |   3 |  591.0 |
       Dungeon |   1773 |   1699 |     74 |      0 |   1428 |   3 |  591.0 |
               +--------+--------+--------+--------+--------+-----+--------+

Top non-repeatable levels by time:
     D:2: 842 daAuts
     D:1: 678 daAuts
     D:3: 252 daAuts
